 Dungeon Sprint DCSS version 0.23-a0-171-g5ae17c6 (webtiles) character file.

20288 Fang the Warrior (level 12, -12/142 HPs)
             Began as a Gargoyle Berserker on Sept 14, 2018.
             Was the Champion of Trog.
             Mangled by an iron golem (26 damage)
             ... in the Dungeon (Sprint V: "Ziggurat Sprint").
             The game lasted 00:09:43 (1638 turns).

Fang the Warrior (Gargoyle Berserker)               Turns: 1638, Time: 00:09:43

Health: -12/142    AC: 19    Str: 41    XL:     12   Next: 77%
Magic:  21/21      EV: 17    Int: 16    God:    Trog [******]
Gold:   0          SH:  0    Dex: 15    Spells: 11/11 levels left

rFire    + . .     SeeInvis +   a - +7 war axe "Filafupi" {speed, Dex+2}
rCold    + . .     Gourm    .   (no shield)
rNeg     + . .     Faith    .   I - +1 leather armour "Vaup" {rC+ Regen+ Str+4 Stlth+}
rPois    ∞         Spirit   .   K - +1 helmet {SInv}
rElec    +         Reflect  .   (no cloak)
rCorr    .         Harm     .   (no gloves)
MR       +....     NoTele   +   H - +1 pair of boots of Ekhuvupo {Dex+4}
Stlth    ..........             N - amulet of Sunlight {Inacc MP+9 Int+5}
HPRegen  0.73/turn              D - +6 ring of strength
MPRegen  0.17/turn              J - ring of Sin {MR+ Int+3}

@: berserking (expiring), very quick
A: fire resistance 1, negative energy resistance 1, electricity resistance,
unbreathing, petrification resistance, rot immunity, AC +8
a: Berserk, Trog's Hand, Brothers in Arms, Renounce Religion


You were in the Dungeon.
You worshipped Trog.
Trog was exalted by your worship.
You were not hungry.

You visited 1 branch

Inventory:

Hand Weapons
 a - the +7 war axe "Filafupi" (weapon) {speed, Dex+2}
   (You found it in the Dungeon)

   Attacks with this weapon are significantly faster.
   It affects your dexterity (+2).
 k - a +5 executioner's axe of venom
 B - the +0 broad axe of Avoyzow {venom, rF+ MR+ Int+2}
   (You found it in the Dungeon)

   It poisons the flesh of those it strikes.
   It affects your intelligence (+2).
   It protects you from fire.
   It affects your resistance to hostile enchantments.
 E - a +1 executioner's axe of freezing
 G - a +1 hand axe of chopping
 P - a +2 antimagic battleaxe
Armour
 j - +5 shadow dragon scales
 H - the +1 pair of boots of Ekhuvupo (worn) {Dex+4}
   (You found it in the Dungeon)

   It affects your dexterity (+4).
 I - the +1 leather armour "Vaup" (worn) {rC+ Regen+ Str+4 Stlth+}
   (You found it in the Dungeon)

   It affects your strength (+4).
   It protects you from cold.
   It increases your rate of regeneration.
   It makes you more stealthy.
 K - a +1 helmet of see invisible (worn)
 M - the +4 plate armour of Qazlal's Condemnation {rPois MR+ Regen+ Slay-3}
   (You found it in the Dungeon)

   It affects your accuracy and damage with ranged weapons and melee attacks
   (-3).
   It protects you from poison.
   It affects your resistance to hostile enchantments.
   It increases your rate of regeneration.
 Q - the +2 robe of Dawn {rN++ SInv Stlth+}
   (You found it in the Dungeon)

   It greatly protects you from negative energy.
   It lets you see invisible.
   It makes you more stealthy.
Jewellery
 b - the ring of Robustness {AC+8}
   (You found it in the Dungeon)

   [ring of protection]

   It affects your AC (+8).
 D - a +6 ring of strength (left hand)
 J - the ring of Sin (right hand) {MR+ Int+3}
   (You found it in the Dungeon)

   [ring of intelligence]

   It affects your intelligence (+3).
   It affects your resistance to hostile enchantments.
 N - the amulet of Sunlight (around neck) {Inacc MP+9 Int+5}
   (You found it in the Dungeon)

   [amulet of inaccuracy]

   It reduces the accuracy of all your attacks.
   It affects your intelligence (+5).
   It affects your magic capacity (+9).
Wands
 w - a wand of disintegration (7)
 x - a wand of iceblast (7)
 y - a wand of acid (7)
Scrolls
 i - 4 scrolls of blinking
 l - 7 scrolls of fog
 m - a scroll of holy word
 n - 5 scrolls of identify
 o - 3 scrolls of remove curse
 p - 2 scrolls of fear
Potions
 d - 10 potions of curing
 e - 13 potions of heal wounds
 f - 6 potions of haste
 g - 7 potions of magic
 h - 3 potions of berserk rage
 q - 2 potions of brilliance
 r - 2 potions of invisibility
 s - 4 potions of resistance
 u - 5 potions of agility
 v - 5 potions of might
Miscellaneous
 t - a lamp of fire
 A - a phial of floods
 C - a box of beasts
 F - 3 sacks of spiders
 L - a phial of floods
 O - a fan of gales
 R - a phial of floods
 S - a lightning rod (4/4)
Comestibles
 c - 6 rations


   Skills:
 + Level 19.2 Fighting
 + Level 19.2 Axes
 + Level 11.1 Armour
 + Level 8.2 Dodging
 + Level 8.5 Stealth


You had 11 spell levels left.
You didn't know any spells.
Your spell library was empty.

Dungeon Overview and Level Annotations

Branches:
Dungeon (1/1)

Altars:
Ashenzari
Cheibriados
Dithmenos
Elyvilon
Fedhas
Gozag
Hepliaklqana
Kikubaaqudgha
Makhleb
Nemelex Xobeh
Okawaru
Qazlal
Ru
Sif Muna
Trog
Uskayaw
Vehumet
Wu Jian
Xom
Yredelemnul
Zin
The Shining One
Beogh
Jiyva
Lugonu

Annotations:
D 1 transporter


Innate Abilities, Weirdness & Mutations

You are resistant to torment.
Your stone body is resilient. (AC +8)
You are immune to poison.
You resist negative energy. (rN+)
You are resistant to electric shocks. (rElec)
You can survive without breathing.
You are immune to petrification.
You are immune to rotting.
Your flesh is heat resistant. (rF+)


Message History

The iron golem is moderately damaged.
You hit the iron golem. You slash the iron golem!
Unknown command.
You carve the iron golem like a ham!!!
The iron golem is severely damaged.
You slash the iron golem! You slice the iron golem!!
Your stone giant barely misses the iron golem.
Unknown command.
You slice the iron golem!!
The iron golem is almost destroyed.
You slice the iron golem!! You slash the iron golem! The iron golem hits you.
* * * LOW HITPOINT WARNING * * *
Unknown command.
You slice the iron golem!!
You destroy the iron golem!
Trog accepts your kill.
You slash the iron golem! You barely miss the iron golem.
Your stone giant hits the iron golem!!
The iron golem closely misses you. The iron golem hits you!!
You die...

▓.▓.....▓.▓
▓....8©8....▓....©....▓
▓..))=|)=)..▓▓▓▓▓▓▓▓▓▓▓
▓...=:=}[...▓...8©8...▓
▓...........▓..|))....▓
▓...........▓.........▓
▓......8C...▓.........▓
▓....888†...▓.........▓
▓..@†.▓ ▓....==...▓
▓▓...▓▓ ▓.........▓
▓..▓.....▓..▓.▓.....▓.▓
▓.....©.....▓....©....▓
▓▓▓▓▓▓▓▓▓▓▓▓▓▓▓▓▓▓▓▓▓▓▓
▓...8©8...▓...8©8...▓..
▓...[))):.▓...)=....▓..
▓...}.:=..▓..[.}[)..▓..
▓.........▓.........▓..


You could see 4 iron golems and a friendly stone giant (berserk).

Vanquished Creatures
  2 quicksilver dragons (D)
  An azure jelly (D)
  A crystal guardian (D)
  A blizzard demon (D)
  2 dancing weapons (D)
  2 iron golems (D)
  A deep elf archer (D)
  A wizard (D)
  A glowing orange brain (D)
  5 deep elf magi (D)
  2 shining eyes (D)
  2 cyclopes (D)
  3 spiny frogs (D)
  A komodo dragon (D)
  2 ice devils (D)
  2 freezing wraiths (D)
  A slime creature (D)
  A shadow (D)
  A yak (D)
  2 fire elementals (D)
  2 hell hounds (D)
  3 porcupines (D)
  A water moccasin (D)
  A black bear (D)
  An ice beast (D)
  6 wolves (D)
  A crocodile (D)
  A bullfrog (D)
  A wight (D)
  An orc priest (D)
  An iron imp (D)
  3 orc wizards (D)
  3 iguanas (D)
  2 river rats (D)
  A white imp (D)
  An adder zombie (D)
  An orc (D)
  A bat skeleton (D)
  2 jackals (D)
  A jackal zombie (D)
  2 fire vortices (D)
70 creatures vanquished.

Vanquished Creatures (collateral kills)
  An iron dragon (D)
  A crystal guardian (D)
  A large abomination (D)
  4 slime creatures (D)
  A neqoxec (D)
  An earth elemental (D)
  A quasit (D)
  2 crimson imps (D)
12 creatures vanquished.

Grand Total: 82 creatures vanquished

Notes
Turn   | Place    | Note
-------+----------+-------------------------------------------
     0 | D        | Found the +6 Majin-Bo {vamp, Archmagi MP+6 Int+6}
     0 | D        | Fang the Gargoyle Berserker began the quest for the Orb.
     0 | D        | Reached XP level 1. HP: 14/14 MP: 1/1
     3 | D        | Found a blossoming altar of Fedhas.
     4 | D        | Found a viscous altar of Jiyva.
     4 | D        | Found a hazy altar of Hepliaklqana.
     4 | D        | Found a transporter.
     4 | D        | Found an opulent altar of Gozag.
     4 | D        | Found an ancient bone altar of Kikubaaqudgha.
     4 | D        | Found a corrupted altar of Lugonu.
     8 | D        | Found a burning altar of Makhleb.
     9 | D        | Found a sacrificial altar of Ru.
     9 | D        | Found a stormy altar of Qazlal.
     9 | D        | Found a deep blue altar of Sif Muna.
     9 | D        | Found an iron altar of Okawaru.
     9 | D        | Found a bloodstained altar of Trog.
     9 | D        | Found a sparkling altar of Nemelex Xobeh.
    68 | D        | Entered arena 2.
    68 | D        | Noticed a black bear
    68 | D        | Noticed a wolf
    68 | D        | Found a transporter.
    71 | D        | Killed a wolf
    71 | D        | Reached skill level 5 in Axes
    71 | D        | Reached XP level 2. HP: 23/23 MP: 2/2
    71 | D        | Reached XP level 3. HP: 28/28 MP: 3/3
    71 | D        | Reached XP level 4. HP: 32/32 MP: 4/4
    72 | D        | Killed a black bear
    72 | D        | Reached XP level 5. HP: 39/39 MP: 5/5
   107 | D        | Reached skill level 10 in Fighting
   107 | D        | Reached XP level 6. HP: 48/48 MP: 6/6
   112 | D        | Got the +7 war axe "Filafupi" {speed, Dex+2}
   118 | D        | Entered arena 3.
   118 | D        | Noticed a deep elf mage
   118 | D        | Noticed a deep elf mage
   118 | D        | Noticed a hand axe of freezing
   118 | D        | Found a transporter.
   123 | D        | Killed a deep elf mage
   123 | D        | Reached ** piety under Trog
   123 | D        | Reached skill level 10 in Axes
   123 | D        | Reached skill level 5 in Armour
   123 | D        | Reached XP level 7. HP: 54/54 MP: 7/7
   125 | D        | Killed a deep elf mage
   125 | D        | Reached *** piety under Trog
   125 | D        | Reached XP level 8. HP: 60/60 MP: 8/8
   137 | D        | Killed a hand axe of freezing
   137 | D        | Reached XP level 9. HP: 21/68 MP: 9/9
   441 | D        | Entered arena 4.
   441 | D        | Noticed a deep elf mage
   441 | D        | Noticed a hand axe of electrocution
   441 | D        | Noticed a deep elf mage
   441 | D        | Noticed a deep elf mage
   441 | D        | Found a transporter.
   447 | D        | Killed a hand axe of electrocution
   447 | D        | Reached skill level 5 in Dodging
   448 | D        | Killed a deep elf mage
   448 | D        | Reached **** piety under Trog
   450 | D        | Killed a deep elf mage
   453 | D        | Killed a deep elf mage
   453 | D        | Reached XP level 10. HP: 76/76 MP: 10/10
   761 | D        | Entered arena 5.
   761 | D        | Noticed a cyclops
   761 | D        | Noticed a cyclops
   761 | D        | Noticed a wizard
   761 | D        | Noticed a deep elf archer
   761 | D        | Found a transporter.
   767 | D        | Killed a cyclops
   767 | D        | Reached ***** piety under Trog
   769 | D        | Killed a cyclops
   771 | D        | Killed a wizard
   771 | D        | Reached skill level 15 in Fighting
   774 | D        | Killed a deep elf archer
   810 | D        | Entered arena 6.
   810 | D        | Found a transporter.
   811 | D        | Found the +7 captain's cutlass {speed, disarm}
   813 | D        | Received a gift from Trog
   815 | D        | Reached ****** piety under Trog
   818 | D        | Received a gift from Trog
   835 | D        | Entered arena 7.
   842 | D        | Reached skill level 15 in Axes
   843 | D        | Found a transporter.
   905 | D        | Entered arena 8.
   905 | D        | Noticed a spiny frog
   906 | D        | Found a transporter.
   911 | D        | Killed a spiny frog
   911 | D        | Reached skill level 10 in Armour
   915 | D        | Received a gift from Trog
   915 | D        | Reached XP level 11. HP: 83/83 MP: 11/11
  1061 | D        | Entered arena 9.
  1061 | D        | Noticed a large abomination
  1064 | D        | Found a transporter.
  1067 | D        | Killed a large abomination
  1084 | D        | Got the +1 pair of boots of Ekhuvupo {Dex+4}
  1096 | D        | Got the cursed +1 leather armour "Vaup" {rC+ Regen+ Str+4
                  | Stlth+}
  1133 | D        | Entered arena 10.
  1134 | D        | Found a transporter.
  1141 | D        | Received a gift from Trog
  1213 | D        | Got the ring of Sin {MR+ Int+3}
  1228 | D        | Got the +4 plate armour of Qazlal's Condemnation {rPois MR+
                  | Regen+ Slay-3}
  1333 | D        | Entered arena 11.
  1334 | D        | Found the ring of Robustness {AC+8}
  1357 | D        | Received a gift from Trog
  1359 | D        | Found a transporter.
  1415 | D        | Entered arena 12.
  1415 | D        | Noticed a shining eye
  1416 | D        | Noticed an azure jelly
  1416 | D        | Noticed a glowing orange brain
  1416 | D        | Noticed a shining eye
  1419 | D        | Found a transporter.
  1427 | D        | Killed a shining eye
  1428 | D        | Gained mutation: Your flesh is heat resistant. (rF+) [a
                  | shining eye]
  1430 | D        | Killed an azure jelly
  1435 | D        | Killed a shining eye
  1435 | D        | Killed a glowing orange brain
  1435 | D        | Received a gift from Trog
  1453 | D        | Got the amulet of Sunlight {Inacc MP+9 Int+5}
  1469 | D        | Got the cursed +0 broad axe of Avoyzow {venom, rF+ MR+
                  | Int+2}
  1486 | D        | Entered arena 13.
  1487 | D        | Noticed a blizzard demon
  1488 | D        | Found a transporter.
  1500 | D        | Reached XP level 12. HP: 81/91 MP: 12/12
  1506 | D        | Killed a blizzard demon
  1515 | D        | Got the +2 robe of Dawn {rN++ SInv Stlth+}
  1604 | D        | Entered arena 14.
  1605 | D        | Noticed an iron golem
  1605 | D        | Noticed a crystal guardian
  1605 | D        | Noticed a quicksilver dragon
  1605 | D        | Noticed a crystal guardian
  1606 | D        | Noticed an iron golem
  1606 | D        | Noticed a quicksilver dragon
  1606 | D        | Noticed an iron golem
  1606 | D        | Noticed an iron golem
  1606 | D        | Noticed an iron golem
  1606 | D        | Noticed an iron golem
  1606 | D        | Noticed an iron dragon
  1611 | D        | Killed a crystal guardian
  1614 | D        | Found a transporter.
  1623 | D        | Killed an iron golem
  1630 | D        | Killed a quicksilver dragon
  1630 | D        | Received a gift from Trog
  1630 | D        | Killed a quicksilver dragon
  1630 | D        | Killed a crystal guardian
  1633 | D        | Killed an iron dragon
  1638 | D        | Killed an iron golem
  1638 | D        | Mangled by an iron golem

Vault maps used:
D:        sprint_v

Skill      XL: |  1  2  3  4  5  6  7  8  9 10 11 12 |
---------------+-------------------------------------+-----
Fighting       | 6 7 10 11 12 13 14 15 17 19 | 19.2
Axes           | 5 6 8 10 11 13 15 17 19 | 19.2
Armour         | 3 4 5 6 8 10 11 | 11.1
Dodging        | 2 3 4 5 6 8 |  8.2
Stealth        | 6 7 8 |  8.5

Action                   |  1- 3 |  4- 6 |  7- 9 | 10-12 || total
-------------------------+-------+-------+-------+-------++-------
Melee: Executioner's axe |     2 |     4 |    14 |       ||    20
       War axe           |       |       |     9 |   107 ||   116
       Broad axe         |       |       |       |    17 ||    17
Invok: Berserk           |     1 |     1 |     1 |     7 ||    10
       Brothers in Arms  |       |       |       |     6 ||     6
  Use: Potion            |       |     1 |       |     1 ||     2
       Scroll            |       |       |       |     3 ||     3
  Eat: Chunk             |       |       |       |    10 ||    10
       Ration            |       |       |       |     1 ||     1
Armor: Shadow dragon sca |     1 |     4 |    20 |    16 ||    41
       Leather armour    |       |       |       |    16 ||    16
Dodge: Dodged            |       |     3 |     9 |    61 ||    73

Table legend:
 A = Non-vault XP
 B = Vault XP
 C = Vault XP percentage of total XP
 D = Non-vault monster count
 E = Vault monster count
 F = Vault count percentage of total count
                 A         B        C        D         E       F
            +---------+---------+-------+---------+---------+-------
      Total |       0 |   28765 | 100.0 |       0 |      80 | 100.0
            +---------+---------+-------+---------+---------+-------
          D |       0 |   28765 | 100.0 |       0 |      80 | 100.0
            +---------+---------+-------+---------+---------+-------
